 Dungeon Crawl Stone Soup version 0.23.0 (webtiles) character file.

Game seed: 13623312985454500004

49 Faca the Skirmisher (level 3, -5/24 HPs)
             Began as a Gargoyle Fighter on Feb 18, 2019.
             Slain by an ogre
             ... wielding a +0 giant club
              (13 damage)
             ... on level 2 of the Dungeon.
             The game lasted 00:02:32 (1051 turns).

Faca the Skirmisher (Gargoyle Fighter)              Turns: 1051, Time: 00:02:32

Health: -5/24      AC: 10    Str: 29    XL:     3   Next: 77%
Magic:  3/3        EV:  7    Int:  8    God:
Gold:   98         SH: 10    Dex:  9    Spells: 2/2 levels left

rFire    . . .     SeeInvis .   a - +0 flail
rCold    . . .     Gourm    .   c - +0 shield
rNeg     + . .     Faith    .   b - +0 scale mail
rPois    ∞         Spirit   .   (no helmet)
rElec    +         Reflect  .   (no cloak)
rCorr    .         Harm     .   (no gloves)
MR       .....                  (no boots)
Stlth    ..........             (no amulet)
HPRegen  0.08/turn              j - +2 ring of slaying
MPRegen  0.08/turn              m - +4 ring of strength

@: mighty
A: negative energy resistance 1, electricity resistance, unbreathing,
petrification resistance, rot immunity, AC +3
a: no special abilities


You were on level 2 of the Dungeon.
You were hungry.

You visited 1 branch of the dungeon, and saw 2 of its levels.

You collected 98 gold pieces.

Inventory:

Hand Weapons
 a - a +0 flail (weapon)
Missiles
 e - 6 tomahawks (quivered)
Armour
 b - a +0 scale mail (worn)
 c - a +0 shield (worn)
Jewellery
 j - a +2 ring of slaying (left hand)
 m - a +4 ring of strength (right hand)
Scrolls
 h - a scroll of identify {unknown}
 k - a scroll of random uselessness {unknown}
 l - a scroll of amnesia {unknown}
 p - a scroll of enchant armour {unknown}
 q - a scroll of teleportation {unknown}
Potions
 g - a potion of flight {unknown}
 i - a potion of curing {unknown}
 n - a potion of agility {unknown}
 o - a potion of invisibility {unknown}
Comestibles
 f - 2 rations


   Skills:
 + Level 4.2 Fighting
 + Level 3.1 Maces & Flails
 - Level 3.2 Armour
 - Level 3.2 Shields


You had 2 spell levels left.
You didn't know any spells.
Your spell library was empty.

Dungeon Overview and Level Annotations

Branches:
Dungeon (2/15)

Altars:


Innate Abilities, Weirdness & Mutations

You are resistant to torment.
Your stone body is resilient. (AC +3)
You are immune to poison.
You resist negative energy. (rN+)
You are resistant to electric shocks. (rElec)
You can survive without breathing.
You are immune to petrification.
You are immune to rotting.


Message History

The ogre shouts!
Found an escape hatch in the ceiling.
Found a stone staircase leading up.
You block the ogre's attack.
You hit the ogre.
The ogre is lightly wounded.
The ogre hits you with a +0 giant club!
You hit the ogre.
The ogre is moderately wounded.
The ogre hits you with a +0 giant club.
You are too injured to fight recklessly!
You are too injured to fight recklessly!
You feel very mighty all of a sudden.
You sock the ogre!
The ogre is severely wounded.
The ogre hits you with a +0 giant club.
You closely miss the ogre.
The ogre is severely wounded.
The ogre hits you with a +0 giant club!
Ouch! That really hurt!
You die...

### ..# # ..# .. ############
..##... . ...........# ..<<.
.####........# ...#
.............#########...#...
................@O...........
..........##..########...#...
..####....###.########.###
..........# #..#.........#
..........# ##.#.........#
..........# #.#.........#
........### #.#.........####.
##....### #.#....).........
#....# #..######.######


You could see an ogre.

Vanquished Creatures
  An adder (D:2)
  2 dart slugs (D:2)
  2 giant cockroaches (D:1)
  4 hobgoblins (D:1)
  6 kobolds
  4 bats
  6 frilled lizards
  7 goblins
  5 rats
37 creatures vanquished.

Notes
Turn   | Place    | Note
-------+----------+-------------------------------------------
     0 | D:1      | Faca the Gargoyle Fighter began the quest for the Orb.
     0 | D:1      | Reached XP level 1. HP: 14/14 MP: 1/1
   145 | D:1      | Reached XP level 2. HP: 16/19 MP: 2/2
   524 | D:1      | Reached XP level 3. HP: 24/24 MP: 3/3
   632 | D:2      | Reached skill level 4 in Fighting
  1040 | D:2      | Noticed an ogre
  1051 | D:2      | Slain by an ogre

Skill      XL: |  1  2  3 |
---------------+----------+-----
Fighting       | 4 |  4.2
Maces & Flails | 3 |  3.1
Armour         | |  3.2
Shields        | |  3.2

Action                   || total
-------------------------++-------
Melee: Flail             ||   144
  Use: Potion            ||     1
Armor: Scale mail        ||    76
Dodge: Dodged            ||    54
Block: Shield            ||    82
